Map: Dusk Towers

Players

lesha - Winner!

  • Race: Terran Terran
  • League: Silver

Saysana

  • Race: Zerg Zerg
  • League: Silver

VOD

Have the link to the VOD?

Description

Time

  • Played on: Dec. 28, 2015, 7:36 p.m.
  • Length: 11:17
Show
View Real Time Build Order
Export as new Build Order

lesha Terran - Winner!

Build Orders: Reaper Expand, MMM Bio 

Get SALT Encoding   

  12  0:01  SCV  
  13  0:13  SCV  
  14  0:18  Supply Depot  
  14  0:27  SCV  
  15  0:39  SCV  
  15  0:41  Barracks  
  16  0:47  Refinery  
  16  0:52  SCV  
  17  1:04  SCV  
  18  1:16  SCV  
  19  1:28  Orbital Command  
  19  1:31  Reaper  
  20  1:45  Command Center  
  20  1:56  SCV  
  21  2:07  Supply Depot  
  21  2:23  Factory  
  21  2:26  Refinery  
  21  2:27  Barracks  
  21  2:28  SCV  
  22  2:40  SCV  
  23  2:44  Marine  
  24  2:52  SCV  
  25  3:08  SCV  
  26  3:16  Starport  
  26  3:17  Barracks Tech Lab  
  26  3:18  Factory Tech Lab  
  26  3:19  Barracks Reactor  
  26  3:24  Supply Depot  
  26  3:28  Supply Depot  
  26  3:30  Barracks  
  26  3:32  Orbital Command  
  26  3:34  Barracks  
  26  3:36  SCV  
  27  3:44  Stimpack  
  27  3:50  Marine  
  28  4:00  SCV x2  
  30  4:10  Marine x2  
  30  4:12  SCV x2  
  34  4:19  Barracks Reactor  
  34  4:21  Starport Reactor  
  35  4:24  Barracks Reactor  
  35  4:25  Marine  
  35  4:33  SCV x2  
  35  4:35  Marine x2  
  39  4:38  Siege Tank  
  39  4:45  SCV x2  
  44  4:56  Engineering Bay  
  44  4:57  SCV x2, Marine x4  
  44  4:59  Medivac  
  52  5:00  Engineering Bay  
  52  5:06  Medivac  
  54  5:09  SCV, Refinery  
  54  5:11  SCV  
  54  5:13  Refinery  
  56  5:16  Marine x3  
  56  5:17  Marine x3  
  62  5:26  Marine  
  62  5:30  Supply Depot  
  62  5:31  Supply Depot  
  62  5:52  SCV, Marine x7  
  62  5:53  SCV, Medivac x2  
  62  5:54  Combat Shields  
  75  6:04  SCV  
  75  6:05  SCV  
  75  6:09  Marine  
  78  6:27  SCV, Marine  
  70  6:54  SCV x2  
  71  6:55  Marine x6  
  71  6:59  Marine  
  78  7:22  SCV x2, Medivac x2, Marine x2  
  86  7:23  Marine  
  86  7:27  Supply Depot  
  86  7:29  Supply Depot  
  87  7:30  Supply Depot x2  
  87  7:35  SCV x2  
  89  7:37  Command Center  
  89  7:39  Command Center  
  89  7:40  Supply Depot x2, Marine x4  
  89  7:41  Marine  
  89  7:43  Supply Depot  
  94  7:45  Supply Depot  
  94  7:50  Marine x2  
  96  7:52  Medivac  
  96  7:58  Armory, Marine  
  91  8:25  Marine x6  
  91  8:26  Marine  
  72  8:27  Medivac x2  
  98  8:31  SCV x2  
  104  8:42  Marine  
  104  8:43  SCV x2, Marine x6  
  104  8:45  Barracks  
  104  8:46  Barracks  
  104  8:48  Barracks  
  113  8:55  SCV x2  
  115  8:57  Medivac x2  
  119  9:07  SCV  
  120  9:22  Marine x3  
  120  9:23  Marine x3  
  98  9:40  Marine x4  
  98  9:41  Marine  
  78  9:58  Marine  
  69  10:11  Marine x3  
  69  10:12  Marine  
  73  10:16  Marine  
  73  10:29  Marine x3  
Show
View Real Time Build Order
Export as new Build Order

Saysana Zerg 

Build Orders: 3 Hatch before Pool 

Get SALT Encoding   

  12  0:02  Drone  
  13  0:14  Overlord  
  13  0:21  Drone  
  14  0:43  Hatchery  
  14  0:46  Drone  
  14  0:52  Drone  
  15  1:03  Drone x2  
  17  1:26  Hatchery  
  17  1:27  Drone  
  17  1:43  Drone x3  
  20  1:53  Spawning Pool  
  19  1:59  Overlord  
  19  2:08  Drone x3  
  22  2:14  Extractor  
  21  2:17  Drone  
  22  2:28  Drone x3  
  25  2:43  Zergling x6  
  27  2:49  Extractor  
  26  2:55  Zergling x6  
  26  2:57  Queen  
  30  3:08  Zergling x6  
  33  3:21  Queen  
  33  3:24  Queen  
  37  3:30  Drone x3  
  40  3:36  Overlord  
  40  3:42  Drone x2  
  40  3:46  Extractor  
  41  3:52  Overlord  
  40  4:12  Lair  
  40  4:15  Zergling x12  
  46  4:21  Drone x2  
  48  4:31  Baneling Nest  
  47  4:45  Drone x2  
  49  4:53  Zergling x2  
  49  4:54  Zergling x14  
  49  4:57  Metabolic Boost  
  57  5:09  Extractor  
  56  5:21  Overseer  
  55  5:29  Overlord x3  
  55  5:34  Drone x2  
  57  5:36  Hydralisk Den  
  56  5:43  Drone  
  57  5:50  Zergling x2  
  57  5:51  Zergling x14  
  57  5:54  Baneling x3  
  57  5:55  Baneling  
  65  6:03  Drone x3  
  58  6:47  Drone x5  
  58  6:48  Drone x4  
  58  6:51  Queen  
  65  6:55  Hydralisk x6  
  65  6:59  Hydralisk  
  75  7:18  Drone x2  
  77  7:28  Drone  
  78  7:33  Overlord  
  78  7:34  Overlord x3  
  78  7:35  Hydralisk x2  
  82  7:47  Overlord x2  
  82  7:48  Overlord x2  
  82  8:02  Drone x2  
  82  8:03  Drone x3  
  87  8:05  Extractor  
  86  8:17  Zergling x26  
  99  8:23  Baneling x3  
  99  8:24  Baneling x6  
  99  8:25  Baneling  
  99  8:27  Baneling  
  99  8:31  Zergling x4  
  99  8:32  Zergling x4  
  103  8:48  Zergling x6  
  106  8:54  Baneling  
  106  8:55  Baneling x5  
  106  8:56  Baneling x5  
  106  8:57  Baneling x3  
  106  8:58  Baneling x4  
  106  8:59  Baneling  
  57  9:34  Hydralisk x2  
  57  9:37  Zergling x16  
  65  9:50  Hatchery  
  48  10:53  Spawning Pool x2  
Tags
 
Add a new tag
Caveats
  • Supply blocks, unpowered buildings, or Contaminate may cause inaccurate times.
  • Supply counts are checked every 10 seconds.